Map: Turbo Cruise '84 LE

Players

TiPtOP

  • Race: Terran Terran
  • League: Silver
  • Spawn Location: 3:00

VOD

Have the link to the VOD?

Description

Time

  • Played on: Aug. 14, 2019, 8:27 a.m.
  • Length: 7:28
Show
View Real Time Build Order
Export as new Build Order

TiPtOP Terran 

Build Orders:  

Get SALT Encoding   

  12  0:01  SCV  
  13  0:18  SCV  
  14  0:25  Supply Depot  
  14  0:35  SCV  
  15  0:55  SCV  
  15  0:58  Barracks  
  16  1:09  Refinery  
  16  1:12  SCV  
  17  1:29  SCV  
  18  1:46  SCV  
  19  2:02  SCV  
  19  2:05  Barracks  
  20  2:12  Barracks Reactor  
  20  2:21  Orbital Command  
  20  2:38  Supply Depot  
  20  3:01  Command Center  
  20  3:12  Marine  
  20  3:13  Marine  
  22  3:26  SCV  
  22  3:27  Barracks Tech Lab  
  23  3:47  Marine x2  
  25  4:00  Barracks  
  25  4:05  SCV  
  25  4:08  Marine  
  27  4:14  Stimpack  
  27  4:15  Marine  
  28  4:21  Marine  
  28  4:22  SCV  
  30  4:39  SCV  
  31  4:48  SCV  
  32  4:56  SCV  
  33  5:05  SCV  
  34  5:15  Supply Depot  
  34  5:17  SCV  
  34  5:18  Barracks Reactor  
  35  5:29  Factory  
  35  5:34  SCV  
  35  5:36  Refinery  
  36  5:41  Orbital Command  
  36  5:46  Supply Depot  
  36  5:54  SCV  
  28  6:45  Widow Mine  
  28  6:49  Marine  
  28  6:50  Marine x2  
Tags
 
Add a new tag
Caveats
  • Supply blocks, unpowered buildings, or Contaminate may cause inaccurate times.
  • Supply counts are checked every 10 seconds.